 Dungeon Crawl Stone Soup version 0.20.1-1-g8b1a95d (webtiles) character file.

844 equalderp2856 the Chopper (level 7, -8/54 HPs)
             Began as a Mummy Fighter on Oct 23, 2017.
             Killed by divine providence
             ... invoked by an orc priest
              (14 damage)
             ... on level 4 of the Dungeon.
             The game lasted 00:06:18 (5057 turns).

equalderp2856 the Chopper (Mummy Fighter)           Turns: 5057, Time: 00:06:18

Health: -8/54      AC: 17    Str: 19    XL:     7   Next: 68%
Magic:  7/7        EV:  3    Int:  9    God:
Gold:   232        SH:  9    Dex: 12    Spells: 6/6 levels left

rFire    x . .     SeeInvis .   a - +0 war axe
rCold    + . .     Gourm    .   c - +0 shield
rNeg     + + +     Faith    .   o - +0 plate armour
rPois    ∞         Spirit   .   l - +0 helmet
rElec    .         Reflect  .   (no cloak)
rCorr    .         Harm     .   d - +0 pair of gloves
MR       .....                  j - +2 pair of boots
Stlth    ..........             (no amulet)
Regen    0.2/turn               (no ring)
MPRegen  0.1/turn               (no ring)

@: no status effects
A: no food or potions, fire vulnerability, cold resistance 1, negative energy
resistance 3, torment resistance, unbreathing
a: no special abilities


You were on level 4 of the Dungeon.
You were not hungry.

You visited 1 branch of the dungeon, and saw 5 of its levels.

You collected 232 gold pieces.

Inventory:

Hand Weapons
 a - a +0 war axe (weapon)
 p - a +0 trident
Armour
 b - a +0 scale mail
 c - a +0 shield (worn)
 d - a +0 pair of gloves (worn)
 i - a +0 helmet
 j - a +2 pair of boots (worn)
 l - a +0 helmet (worn)
 o - a +0 plate armour (worn)
Jewellery
 s - an uncursed ring of flight {unknown}
Wands
 g - a wand of flame (29/48)
Scrolls
 e - 7 scrolls of identify {unknown}
 f - 2 scrolls of remove curse {unknown}
 h - a scroll of amnesia {unknown}
 k - 2 scrolls of teleportation {unknown}
 m - a scroll of random uselessness {unknown}
 n - 5 scrolls of blinking {unknown}
 q - a scroll of immolation {unknown}
 r - a scroll of magic mapping {unknown}


   Skills:
 + Level 4.0 Fighting
 * Level 5.5 Axes
 + Level 3.6 Armour
 + Level 0.8 Dodging
 + Level 4.0 Shields


You had 6 spell levels left.
You didn't know any spells.

Dungeon Overview and Level Annotations

Branches:
Dungeon (5/15)             Temple (0/1) D:4

Altars:


Innate Abilities, Weirdness & Mutations

You do not eat or drink.
Your flesh is vulnerable to fire.
You are immune to poison.
Your flesh is cold resistant. (rC+)
You are immune to negative energy. (rN+++)
You are immune to unholy pain and torment.
You can survive without breathing.


Message History

Beogh smites you!
* * * LOW HITPOINT WARNING * * *
You hit the orc priest but do no damage.
The orc priest is moderately wounded.
The orc priest hits you but does no damage.
You hit the orc priest.
The orc priest is severely wounded.
The orc priest hits you but does no damage.
Your shield and plate armour prevent you from hitting the orc priest.
The orc priest is severely wounded.
The orc priest hits you but does no damage.
You barely miss the orc priest.
The orc priest is severely wounded.
You block the orc priest's attack.
You hit the orc priest but do no damage.
The orc priest is severely wounded.
You block the orc priest's attack.
The orc priest calls down the wrath of Beogh upon you.
Beogh smites you!
You die...

#.........#'#######..........
#.........#.......#.....#####
#........)).......#.....#
#.......†(#.......#.....#
#.......).#.......#.....#
#........)#.......'.....#
#####.........#######+#.....# ###
.......................###### #..
................@o.....# ####..
................[>.....# #.....
.......................# #.##..
.......................##########
.......$..................#.. ...
.............?............#.>.#.>
###'#!....................#.. ...
#...+.........#########...#######
....#.........#.......#..........


You could see an orc priest.

Vanquished Creatures
  2 phantoms (D:4)
  A centaur (D:5)
  A bullfrog (D:3)
  A scorpion (D:4)
  An orc priest (D:4)
  4 worker ants
  5 orc wizards
  A hound skeleton (D:4)
  Robin (D:2)
  7 adders
  3 oozes
  An adder skeleton (D:4)
  4 worms
  3 dart slugs
  3 leopard geckos
  13 orcs
  8 giant cockroaches
  13 goblins
  9 hobgoblins
  5 jackals
  6 kobolds
  2 quokkas
  A ball python (D:2)
  A ball python skeleton (D:4)
  7 bats
  15 frilled lizards
  2 rats (D:1)
120 creatures vanquished.

Notes
Turn   | Place    | Note
-------+----------+-------------------------------------------
     0 | D:1      | equalderp2856 the Mummy Fighter began the quest for the Orb.
     0 | D:1      | Reached XP level 1. HP: 18/18 MP: 1/1
   206 | D:1      | Reached XP level 2. HP: 23/24 MP: 2/2
   846 | D:1      | Reached XP level 3. HP: 29/29 MP: 3/3
   904 | D:2      | Noticed Robin
  1184 | D:2      | Reached skill level 2 in Axes
  1441 | D:2      | Killed Robin
  1485 | D:2      | Reached XP level 4. HP: 35/35 MP: 4/4
  2626 | D:3      | Reached XP level 5. HP: 31/41 MP: 5/5
  2816 | D:3      | Reached skill level 3 in Axes
  3088 | D:4      | Found a staircase to the Ecumenical Temple.
  3116 | D:4      | Noticed a phantom
  3127 | D:4      | Killed a phantom
  3127 | D:4      | Reached XP level 6. HP: 42/48 MP: 6/6
  3367 | D:4      | Reached skill level 4 in Axes
  3658 | D:4      | Reached XP level 7. HP: 26/53 MP: 7/7
  4012 | D:5      | Entered Level 5 of the Dungeon
  4525 | D:5      | Reached skill level 5 in Axes
  5057 | D:4      | Killed from afar by an orc priest

Skill      XL: |  1  2  3  4  5  6  7 |
---------------+----------------------+-----
Axes           | 2 3 4 5 |  5.5
Armour         | 3 |  3.6
Shields        | 3 4 |  4.0
Fighting       | 4 |  4.0
Dodging        | |  0.8

Action                   |  1- 3 |  4- 6 |  7- 9 || total
-------------------------+-------+-------+-------++-------
Melee: War axe           |    96 |   272 |   174 ||   542
Armor: Scale mail        |    69 |   123 |       ||   192
       Plate armour      |       |    63 |   119 ||   182
Dodge: Dodged            |    30 |    91 |    16 ||   137
Block: Shield            |    79 |   158 |    84 ||   321
